 Dungeon Crawl Stone Soup version 0.24-a0-244-ga6a6ab7d13 (webtiles) character file.

Game seed: 14957361701486201110

204 Redear the Skirmisher (level 5, -4/38 HPs)
             Began as an Octopode Berserker on Apr 11, 2019.
             Was a Believer of Trog.
             Slain by a slave (5 damage)
             ... led by Pikel
             ... while paralysed by Pikel
             ... on level 4 of the Dungeon.
             The game lasted 00:04:11 (2358 turns).

Redear the Skirmisher (Octopode Berserker)          Turns: 2358, Time: 00:04:12

Health: -4/38      AC:  1    Str: 16    XL:     5   Next: 82%
Magic:  5/5        EV:  2    Int:  9    God:    Trog [**....]
Gold:   139        SH:  0    Dex: 13    Spells: 4/4 levels left

rFire    . . .     SeeInvis .   a - +0 falchion
rCold    . . .     Gourm    .   (no shield)
rNeg     . . .     Faith    .   (helmet restricted)
rPois    .         Spirit   .   o - +5 amulet of reflection
rElec    .         Reflect  +   (no ring)
rCorr    .         Harm     .   (no ring)
MR       .....                  (no ring)
Stlth    ++........             (no ring)
HPRegen  0.12/turn              (no ring)
MPRegen  0.09/turn              (no ring)
                                (no ring)
                                (no ring)

@: paralysed
A: almost no armour, stealthy swim, amphibious, 8 rings, constrict 8, camouflage
1, gelatinous body 1
a: Berserk, Trog's Hand, Renounce Religion


You were on level 4 of the Dungeon.
You worshipped Trog.
Trog was pleased with you.
You were near starving.

You visited 1 branch of the dungeon, and saw 4 of its levels.

You collected 139 gold pieces.

Inventory:

Hand Weapons
 a - a +0 falchion (weapon)
Missiles
 e - 72 stones (quivered)
 l - 21 sling bullets
 m - 30 arrows
Jewellery
 o - a +5 amulet of reflection (around mantle)
Scrolls
 c - 7 scrolls of identify {unknown}
 d - 2 scrolls of fear {unknown}
 f - a scroll of teleportation {unknown}
 h - a scroll of magic mapping {unknown}
 j - 2 scrolls of enchant armour {unknown}
 p - a scroll of random uselessness {unknown}
Potions
 b - a potion of lignification {unknown}
 g - 2 potions of brilliance {unknown}
 i - 2 potions of degeneration {unknown}
 k - 2 potions of flight {unknown}
 n - a potion of might {unknown}
 q - a potion of heal wounds {unknown}
Comestibles
 z - 5 rations


   Skills:
 + Level 4.3 Fighting
 + Level 4.3 Long Blades
 + Level 4.3 Dodging


You had 4 spell levels left.
You didn't know any spells.
Your spell library was empty.

Dungeon Overview and Level Annotations

Branches:
Dungeon (4/15)
 Temple: D:4-7

Altars:

Annotations:
D:4 Dowan, Duvessa, Pikel


Innate Abilities, Weirdness & Mutations

You cannot wear most types of armour.
You are very stealthy in the water. (Stealth+)
You are amphibious.
You can wear up to eight rings at the same time.
You can use your tentacles to constrict eight enemies at once.
Your skin changes colour to match your surroundings (Stealth+).
Your rubbery body absorbs attacks. (AC +1, EV +1)


Message History

The slave is lightly wounded.
You block the slave's attack.
Dowan gestures wildly while chanting.
Dowan blinks!
Unknown command.
You block the hound's attack.
Pikel zaps a wand.
You suddenly lose the ability to move!
The slave barely misses you. The adder skeleton bites you. The hound bites you.
The slave hits you! The hound bites you. The adder skeleton bites you.
Pikel says, "Slavery isn't that bad."
The hound bites you. The slave hits you!
* * * LOW HITPOINT WARNING * * *
The adder skeleton bites you.
* * * LOW HITPOINT WARNING * * *
The hound pauses to sniff the ground.
The hound bites you.
* * * LOW HITPOINT WARNING * * *
Pikel zaps a wand.
You resist with some effort. The slave hits you.
You die... .....# .....## ...... ..... ..e# # se#

.#
#..#.##Z#..##..
.....5p@....K..
......h....####
##..#####..# #.
#.# ..# .# . #.


You could see Pikel, Duvessa, a slave, Dowan, a hound, a crimson imp, a giant
cockroach and an adder skeleton.

Vanquished Creatures
  3 slaves (D:3)
  A phantom (D:3)
  An orc priest (D:3)
  3 adders
  A worm (D:2)
  A dart slug (D:2)
  2 leopard geckos
  3 orcs (D:3)
  2 ball pythons
  7 bats
  3 giant cockroaches (D:1)
  6 goblins
  6 hobgoblins
  A quokka (D:3)
  5 frilled lizards
  6 kobolds
  7 rats
58 creatures vanquished.

Notes
Turn   | Place    | Note
-------+----------+-------------------------------------------
     0 | D:1      | Redear the Octopode Berserker began the quest for the Orb.
     0 | D:1      | Reached XP level 1. HP: 16/16 MP: 1/1
   170 | D:1      | Reached XP level 2. HP: 21/21 MP: 2/2
   487 | D:1      | Reached XP level 3. HP: 26/26 MP: 3/3
   682 | D:1      | Reached ** piety under Trog
  1072 | D:2      | Reached XP level 4. HP: 19/33 MP: 4/4
  1562 | D:3      | Noticed a phantom
  1616 | D:3      | Killed a phantom
  1616 | D:3      | Reached skill level 4 in Fighting
  1616 | D:3      | Reached skill level 4 in Long Blades
  1616 | D:3      | Reached skill level 4 in Dodging
  1616 | D:3      | Reached XP level 5. HP: 29/37 MP: 5/5
  2119 | D:4      | Noticed Pikel
  2119 | D:4      | Noticed a slave
  2119 | D:4      | Noticed a slave
  2119 | D:4      | Noticed a slave
  2119 | D:4      | Noticed a slave
  2119 | D:4      | Noticed Duvessa
  2119 | D:4      | Noticed Dowan
  2124 | D:3      | Killed a slave
  2136 | D:3      | Killed a slave
  2138 | D:3      | HP: 2/38 [slave[Pikel] (9)]
  2181 | D:3      | Killed a slave
  2355 | D:4      | Paralysed by Pikel for 7 turns
  2357 | D:4      | HP: 2/38 [adder skeleton (3)]
  2358 | D:4      | Slain by a slave

Levels and vault maps discovered:
D:1:      wander_arrival_peaceful_grave, layout_loops_ring, serial_bayou_pond_b
D:2:      layout_rooms, minmay_misc_feat_room
D:3:      layout_basic, first_ration
D:4:      cheibrodos_quashed, layout_loops_ring,
          minmay_temple_entry_sparse_star, minmay_hollow_rounded_squares,
          uniq_pikel, uniq_duvessa

Skill      XL: |  1  2  3  4 |
---------------+-------------+-----
Fighting       | 4 |  4.3
Long Blades    | 4 |  4.3
Dodging        | 4 |  4.3

Action                   |  1- 3 |  4- 6 || total
-------------------------+-------+-------++-------
Melee: Falchion          |    51 |    67 ||   118
       Constrict         |    22 |    22 ||    44
       Tentacles         |    21 |    17 ||    38
Invok: Trog's Hand       |     1 |     2 ||     3
 Stab: Sleeping          |     5 |     6 ||    11
  Eat: Chunk             |       |     4 ||     4
Armor: Skin              |     5 |     3 ||     8
Dodge: Dodged            |    31 |    36 ||    67
Block: Other             |       |    14 ||    14
       Rpst.: Falchion   |     8 |    12 ||    20

Table legend:
 A = Non-vault XP
 B = Vault XP
 C = Vault XP percentage of total XP
 D = Non-vault monster count
 E = Vault monster count
 F = Vault count percentage of total count
                 A         B        C        D         E       F
            +---------+---------+-------+---------+---------+-------
      Total |     283 |       9 |   3.1 |      48 |       7 |  12.7
            +---------+---------+-------+---------+---------+-------
        D:1 |      29 |       9 |  23.7 |      18 |       7 |  28.0
        D:2 |      52 |       0 |   0.0 |      14 |       0 |   0.0
        D:3 |     202 |       0 |   0.0 |      16 |       0 |   0.0
            +---------+---------+-------+---------+---------+-------
